 Dungeon Crawl Stone Soup version 0.15-a0-1269-g8ca96ae (webtiles) character file.

267 Quh the Shooter (level 6, -1/43 HPs)
             Began as a Demonspawn Hunter on June 5, 2014.
             Slain by an ogre
             ... wielding a +0,+0 giant club
              (18 damage)
             ... on Level 4 of the Dungeon.
             The game lasted 00:17:36 (4376 turns).

Quh the Shooter (Demonspawn Hunter)                 Turns: 4376, Time: 00:17:37

HP  -1/43        AC  4     Str 13      XL: 6   Next:  0%
MP  10/10        EV 13     Int 14      God:
Gold 70          SH  0     Dex 13      Spells:  0 memorised,  9 levels left

rFire  . . .     SeeInvis .     b - +1,+2 shortbow
rCold  . . .     Clarity  .     F - -1 ring mail of Cocytus {rElec Acc+4}
rNeg   . . .     rCorr    .     (no shield)
rPois  .         rRot     .     (helmet restricted)
rElec  +         Spirit   .     (no cloak)
SustAb .         Warding  .     (no gloves)
rMut   .         Stasis   .     (no boots)
Gourm  .                        (no amulet)
MR     +....                    j - +1 ring of evasion
                                q - ring of protection from magic

@: somewhat resistant to hostile enchantments, very unstealthy
A: horns 1, repulsion field 2, powered by death 1
a: no special abilities


You were on level 4 of the Dungeon.
You were hungry.

You visited 1 branch of the dungeon, and saw 5 of its levels.

You collected 259 gold pieces.
You spent 189 gold pieces at shops.

Inventory:

Hand weapons
 a - a +2,+2 short sword of protection
 b - a +1,+2 shortbow (weapon)
 i - a +0,+0 short sword
 l - a +1,+1 dagger of flaming
 A - a +2,+1 hand axe of flaming
Missiles
 c - 32 arrows (quivered)
 v - 13 bolts
 w - 28 stones
Armour
 d - a +0 leather armour
 u - a +0 leather armour
 y - a +0 leather armour
 F - the cursed -1 ring mail of Cocytus (worn) {rElec Acc+4}
   (You bought it in a shop on level 4 of the Dungeon)

   It affects your accuracy with ranged weapons and melee attacks (+4).
   It insulates you from electricity.
   It has a curse placed upon it.
Magical devices
 e - a wand of frost (11)
Comestibles
 f - 4 bread rations
 r - a slice of pizza
 s - a fruit
 x - a beef jerky
 E - 3 chunks of hobgoblin flesh
Scrolls
 g - a scroll of identify
 h - a scroll of enchant weapon I {unknown}
 k - a scroll of magic mapping {unknown}
 n - 2 scrolls of remove curse
 p - 2 scrolls of teleportation {unknown}
 t - 2 scrolls of enchant armour {unknown}
Jewellery
 j - a +1 ring of evasion (right hand)
 q - a ring of protection from magic (left hand)
Potions
 m - a potion of flight
 o - 2 potions of brilliance {unknown}
 B - a potion of resistance {unknown}
 C - a potion of cure mutation {unknown}
Books
 z - a book of Annihilations {highlevel}

   This book is beyond your current level of understanding.

   Spells                             Type                      Level
   Poison Arrow                       Conjuration/Poison           6
   Chain Lightning                    Conjuration/Air              8
   Lehudib's Crystal Spear            Conjuration/Earth            8
   Glaciate                           Conjuration/Ice              9
   Fire Storm                         Conjuration/Fire             9
Magical staves
 D - an uncursed staff of wizardry {unknown}


   Skills:
 - Level 1.0 Fighting
 * Level 6.1 Bows
 - Level 1.7 Dodging
 - Level 0.8 Stealth
 - Level 2.2 Spellcasting


You had 9 spell levels left.
You didn't know any spells.

Dungeon Overview and Level Annotations

Branches:
Dungeon (5/15)
 Temple: D:4-7

Altars:

Shops:
D:4 [

Annotations:
D:3 Grinder
D:5 inmateoo's ghost, experienced GrMo


Innate Abilities, Weirdness & Mutations

You have a pair of small horns on your head.
You are surrounded by a moderate repulsion field (EV +3).
You can steal the life force of nearby defeated enemies.


Message History

You are feeling hungry.
There is an open door here.
Firing (i - inventory. (,) - cycle):
c - 35 arrows (quivered)
Press: ? - help, Shift-Dir - straight line, f/p - ogre
Aim: an ogre, wielding a giant club You shoot an arrow.
The arrow hits the ogre!
The ogre is moderately wounded.
The ogre hits you with a giant club!
Firing (i - inventory. (,) - cycle):
c - 34 arrows (quivered)
Press: ? - help, Shift-Dir - straight line, f/p - ogre
Aim: an ogre, wielding a giant club (moderately wounded)
You shoot an arrow. The arrow hits the ogre.
The ogre is heavily wounded.
Firing (i - inventory. (,) - cycle):
c - 33 arrows (quivered)
Press: ? - help, Shift-Dir - straight line, f/p - ogre
Aim: an ogre, wielding a giant club (heavily wounded)
You shoot an arrow. The arrow hits the ogre.
The ogre is severely wounded.
The ogre hits you with a giant club!!
You die...

#.# #.# #.# #.# #########.#
#.########## ..........######
#..........# ########.......#
##########.# ...............#
#.# .#######.>.....# #.#
.#.....#.....###############.#
.......#.....'.O@............#
##.#####%....#################
......%......# ...#####.#####
..######.### ..# #......# ..#
#......# ..# #......# ..#
####'###


You could see an ogre.

Vanquished Creatures
  Blork the orc (D:4)
  A hound (D:3)
  3 gnolls (D:3)
  6 adders
  A giant mite (D:3)
  3 giant geckos
  4 oozes
  5 orcs
  9 hobgoblins
  2 jackals (D:1)
  4 quokkas
  2 ball pythons
  9 bats
  6 giant cockroaches
  4 giant newts (D:2)
  6 goblins
  6 kobolds
  An orc skeleton (D:4)
  7 rats
80 creatures vanquished.

Notes
Turn   | Place    | Note
--------------------------------------------------------------
     0 | D:1      | Quh, the Demonspawn Hunter, began the quest for the Orb.
     0 | D:1      | Reached XP level 1. HP: 15/15 MP: 1/1
   450 | D:1      | Reached skill level 4 in Bows
   480 | D:1      | Gained mutation: You can steal the life force of nearby defeated enemies. [demonic ancestry]
   480 | D:1      | Reached XP level 2. HP: 5/21 MP: 2/2
  1610 | D:2      | Gained mutation: You are surrounded by a mild repulsion field (EV +2). [demonic ancestry]
  1610 | D:2      | Reached XP level 3. HP: 12/26 MP: 3/3
  2255 | D:2      | Reached skill level 5 in Bows
  2473 | D:3      | Reached XP level 4. HP: 32/32 MP: 4/4
  2983 | D:3      | Noticed Grinder
  2998 | D:3      | Paralysed by Grinder for 5 turns
  3002 | D:3      | HP: 1/32 [Grinder (6)]
  3279 | D:3      | Reached skill level 1 in Spellcasting
  3279 | D:3      | Gained mutation: You are surrounded by a moderate repulsion field (EV +3). [demonic ancestry]
  3279 | D:3      | Reached XP level 5. HP: 31/37 MP: 4/7
  3747 | D:4      | Noticed Blork the orc
  3756 | D:5      | Entered Level 5 of the Dungeon
  3762 | D:5      | Noticed inmateoo's ghost (experienced GrMo)
  3807 | D:4      | Killed Blork the orc
  3807 | D:4      | Reached skill level 6 in Bows
  4183 | D:4      | Gained mutation: You have a pair of small horns on your head. [demonic ancestry]
  4183 | D:4      | Reached XP level 6. HP: 43/43 MP: 10/10
  4255 | D:4      | Found Xyahecuv's Antique Armour Shop.
  4260 | D:4      | Bought a fine ring mail for 189 gold pieces
  4270 | D:4      | Identified the cursed -1 ring mail of Cocytus {rElec Acc+4} (You bought it in a shop on level 4 of the Dungeon)
  4340 | D:4      | Noticed an ogre
  4376 | D:4      | Slain by an ogre

Action                   |  1- 3 |  4- 6 || total
-------------------------+-------+-------++-------
Melee: Short sword       |   153 |   124 ||   277
       Hand axe          |       |     4 ||     4
 Fire: Shortbow          |    15 |    57 ||    72
Throw: Stone             |       |     4 ||     4
  Use: Scroll            |       |     8 ||     8
       Potion            |       |     2 ||     2
 Stab: Sleeping          |     1 |     1 ||     2
